 Dungeon Crawl Stone Soup version 0.31-a0-986-g5e6e4ef867 (webtiles) character file.

Game seed: 11331686286192101007

30 Naiya55 the Shield-Bearer (level 3, -8/30 HPs)
             Began as a Formicid Fighter on Nov 4, 2023.
             Mangled by a gnoll
             ... wielding a +0 halberd
              (14 damage)
             ... on level 2 of the Dungeon.
             The game lasted 00:01:04 (1139 turns).

Naiya55 the Shield-Bearer (Formicid Fighter)        Turns: 1139, Time: 00:01:05

Health: -8/30      AC:  6    Str: 22    XL:     3   Next: 37%
Magic:  3/3        EV:  9    Int:  7    God:
Gold:   77         SH:  5    Dex: 13    Spells: 2/2 levels left

rFire   . . .        a - +0 war axe
rCold   . . .        c - +0 buckler
rNeg    . . .        b - +0 scale mail
rPois   .            (helmet unavailable)
rElec   .            (no cloak)
rCorr   .            (no gloves)
SInv    +            (no boots)
Will    .....        (no amulet) Stlth
                     (no ring)
HPRegen 0.25/turn    (no ring)
MPRegen 0.08/turn

%: no passive effects
@: glowing
A: permanent stasis, dig shafts and tunnels, antennae 3, four strong arms
a: Dig, Shaft Self


You were on level 2 of the Dungeon.
You visited 1 branch of the dungeon, and saw 2 of its levels.

You collected 77 gold pieces.

Inventory:

Hand Weapons
 a - a +0 war axe (weapon)
 j - a +0 flail
Armour
 b - a +0 scale mail (worn)
 c - a +0 buckler (worn)
Wands
 k - a wand of mindburst (18)
Scrolls
 f - a scroll of identify {unknown}
 g - a scroll of noise {unknown}
 i - a scroll of acquirement {unknown}
Potions
 d - a potion of might
 e - a potion of curing {unknown}
 h - a potion of lignification {unknown}


   Skills:
 + Level 3.8 Fighting
 * Level 3.1 Axes
 - Level 3.2 Armour
 - Level 4.0 Shields


You had 2 spell levels left.
You didn't know any spells.
Your spell library contained the following spells:

 Spells                   Type           Power      Damage    Failure   Level
 Shock                    Conj/Air       0%         1d3       83%         1
 Airstrike                Air            0%         2d(0-16)  100%        4
 Swiftness                Air            Unusable   N/A       N/A         3

Dungeon Overview and Level Annotations

Branches:
Dungeon (2/15)

Altars:

Shops:
D:1 !


Innate Abilities, Weirdness & Mutations

You cannot be hasted, slowed, berserked, paralysed or teleported.
You can dig through walls and to a lower floor.
You have a pair of large antennae on your head. (SInv)
Your four strong arms can wield two-handed weapons with a shield.


Message History

You enter the shallow water.
Moving in this stuff is going to be slow.
You enter the shallow water.
Moving in this stuff is going to be slow.
You sense a monster nearby.
A gnoll comes into view. It is wielding a +0 halberd.
The gnoll shouts!
You hear a shout!
A gnoll comes into view. It is wielding a +0 halberd.
A gnoll comes into view. It is wielding a +0 flail.
The gnoll moves out of view.
There are monsters nearby!
There are monsters nearby!
There are monsters nearby!
There are monsters nearby!
The gnoll shouts! x2
A gnoll comes into view.
It is wielding a +0 spear and wearing an orb of light.
The gnoll attacks as it pursues you!
The gnoll hits you from afar with a +0 halberd.
The gnoll attacks as it pursues you!
The gnoll hits you from afar with a +0 halberd!
The gnoll hits you but does no damage.
You closely miss the gnoll. You block the gnoll's attack.
The gnoll hits you but does no damage.
You hit the gnoll.
The gnoll is moderately wounded.
The gnoll barely misses you. The gnoll hits you with a +0 halberd!
* * * LOW HITPOINT WARNING * * *
You hit the gnoll.
The gnoll is moderately wounded.
You slash the gnoll!
The gnoll is severely wounded.
You block the gnoll's attack. The gnoll barely misses you.
You hit the gnoll.
You kill the gnoll!
You block the gnoll's attack.
The gnoll hits you from afar with a +0 halberd.
* * * LOW HITPOINT WARNING * * *
Your Axes skill increases to level 3!
The gnoll hits you from afar with a +0 halberd!
You die... g

g, .#### .... #..#
#...# #
###########...#.#
#.......@ggg..#.#
##.########.....#
# #.# #.....#.#
### #.#
####.....#.# ...
#.# #.##.......+
... #.#
#........#. .. #.#
#........#~♣♣♣♣♣ ♣
#.#
#.#.....#♣♣P~~~♣♣♣
#.#
#.#.~♣..♣~~~~≈~P~~


You could see 3 gnolls.

Vanquished Creatures
  A gnoll (D:2)
  3 orcs (D:1)
  2 endoplasms (D:1)
  2 goblins (D:2)
  A quokka (D:1)
  5 ball pythons
  A bat (D:2)
  A frilled lizard (D:1)
  A rat (D:1)
17 creatures vanquished.

Notes
Turn   | Place    | Note
-------+----------+-------------------------------------------
     0 | D:1      | Naiya55 the Formicid Fighter began the quest for the Orb.
     0 | D:1      | Reached XP level 1. HP: 18/18 MP: 1/1
    23 | D:1      | Found Woakh's Distillery.
   617 | D:1      | Reached XP level 2. HP: 20/24 MP: 2/2
  1026 | D:2      | Reached XP level 3. HP: 22/30 MP: 3/3
  1139 | D:2      | Mangled by a gnoll

Illustrated notes

Levels and vault maps discovered:
D:1:      lightli_arrival_statuegarden, layout_basic, serial_shops, shop,
          serial_forest, infiniplex_forest_end_2, infiniplex_forest_corner_1,
          infiniplex_forest_clump_curved, infiniplex_forest_clump_C,
          infiniplex_forest_zigzag_2, infiniplex_forest_end_2,
          infiniplex_forest_lined_corner
D:2:      wad_crossroads, layout_basic, serial_bayou_lagoon_b

Skill      XL: |  1  2  3 |
---------------+----------+-----
Axes           | 3 |  3.1
Fighting       | |  3.8
Armour         | |  3.2
Shields        | |  4.0

Action                     || total
---------------------------++-------
  Melee: War axe           ||    43
 Armour: Scale mail        ||    49
  Dodge: Dodged            ||    20
  Block: Buckler           ||    17

Table legend: (Time is in decaauts)
 A = Elapsed time spent in this place.
 B = Non-inter-level travel time spent in this place.
 C = Inter-level travel time spent in this place.
 D = Time resting spent in this place.
 E = Time spent auto-exploring this place.
 F = Levels seen in this place.
 G = Mean time per level.
                   A        B        C        D        E       F      G
               +--------+--------+--------+--------+--------+-----+--------+
         Total |   1164 |   1148 |     16 |      0 |    989 |   2 |  582.0 |
       Dungeon |   1164 |   1148 |     16 |      0 |    989 |   2 |  582.0 |
               +--------+--------+--------+--------+--------+-----+--------+

Top non-repeatable levels by time:
     D:1: 951 daAuts
     D:2: 213 daAuts
